 Dungeon Crawl Stone Soup version 0.27.1 (webtiles) character file.

Game seed: 3371103627044650202

21444 nxtlvl the Jinx (level 12, -1/57 HPs)
             Began as a Deep Elf Monk on Aug 29, 2021.
             Was a High Priest of Hepliaklqana.
             Slain by a salamander (7 damage)
             ... in a volcano.
             The game lasted 02:25:02 (6677 turns).

nxtlvl the Jinx (Deep Elf Monk)                     Turns: 6677, Time: 02:25:02

Health: -1/57      AC: 10    Str: 10    XL:     12   Next: 54%
Magic:  17/24      EV: 18    Int: 21    God:    Hepliaklqana [*****.]
Gold:   517        SH:  5    Dex: 17    Spells: 11/25 levels left

rFire    . . .     SeeInvis .   a - +0 dagger "Cyuxech" {vorpal, rPois rC+ Will- Str+2}
rCold    + + .     Faith    .   g - +0 buckler
rNeg     . . .     Spirit   .   c - +0 steam dragon scales
rPois    +         Reflect  .   e - +0 helmet
rElec    .         Harm     .   f - +0 cloak
rCorr    .         Rampage  .   (no gloves)
Will     .....                  d - +2 pair of boots
Stlth    +++++.....             (no amulet)
HPRegen  0.19/turn              C - ring of protection from cold
MPRegen  0.19/turn              (no ring)

@: confusing by touch, freezing walls, hasted, very quick
A: reduced essence
a: Renounce Religion, Recall Ancestor, Ancestor Identity, Transference, Idealise


You were in a volcano.
You worshipped Hepliaklqana.
Hepliaklqana was extremely pleased with you.
You visited 3 branches of the dungeon, and saw 18 of its levels.
You also visited: Volcano.

You collected 532 gold pieces.
You spent 15 gold pieces at shops.

Inventory:

Hand Weapons
 a - the +0 dagger "Cyuxech" (weapon) {vorpal, rPois rC+ Will- Str+2}
   (You found it on level 9 of the Dungeon)

   It inflicts extra damage upon your enemies.
   Str:       It affects your strength (+2).
   rC:        It protects you from cold.
   rPois:     It protects you from poison.
   Will:      It decreases your willpower.
 v - a +3 long sword
 w - a +0 shortbow
 J - a +1 longbow of flaming
 V - a +0 quarterstaff
 W - a +0 vampiric dagger
Missiles
 h - 183 arrows
 i - 6 boomerangs of dispersal (quivered)
 o - 2 silver boomerangs
 u - 2 throwing nets
Armour
 c - +0 steam dragon scales (worn)
 d - a +2 pair of boots (worn)
 e - a +0 helmet (worn)
 f - a +0 cloak (worn)
 g - a +0 buckler (worn)
Magical Staves
 b - a staff of cold
Jewellery
 C - a ring of protection from cold (left hand)
Wands
 x - a wand of charming (11)
 y - a wand of flame (27)
 z - a wand of mindburst (13)
Scrolls
 m - 2 scrolls of fear {unknown}
 n - a scroll of silence
 p - 2 scrolls of teleportation
 t - a scroll of amnesia
 B - 2 scrolls of enchant weapon {unknown}
 D - a scroll of vulnerability {unknown}
 F - 2 scrolls of immolation {unknown}
 I - a scroll of holy word {unknown}
Potions
 j - a potion of mutation
 k - 4 potions of lignification
 l - 4 potions of curing
 q - a potion of attraction
 r - a potion of haste
 s - a potion of brilliance
 E - a potion of berserk rage {unknown}
 G - 3 potions of cancellation
 H - a potion of magic {unknown}


   Skills:
 + Level 3.4 Fighting
 - Level 8.0 Short Blades
 + Level 10.8 Dodging
 * Level 11.6 Stealth
 + Level 3.9 Shields
 - Level 7.0 Spellcasting
 + Level 11.8 Hexes
 - Level 10.0 Ice Magic
 - Level 4.0 Invocations


You had 11 spell levels left.
You knew the following spells:

 Your Spells              Type           Power      Damage    Failure   Level
a - Confusing Touch       Hex            54%        N/A       1%          3
q - Slow                  Hex            54%        N/A       1%          2
w - Metabolic Englaciati  Hex/Ice        26%        N/A       2%          5
x - Frozen Ramparts       Ice            98%        1d11      1%          3
z - Freeze                Ice            100%       1d11      1%          1

Your spell library contained the following spells:

 Spells                   Type           Power      Damage    Failure   Level
 Inner Flame              Hex/Fire       32%        N/A       2%          3
 Portal Projectile        Hex/Tloc       64%        N/A       2%          3
 Fulminant Prism          Conj/Hex       16%        3d11      8%          4
 Leda's Liquefaction      Hex/Erth       16%        N/A       8%          4
 Foxfire                  Conj/Fire      28%        2x1d5     9%          1
 Magic Dart               Conj           28%        1d4       9%          1
 Hailstorm                Conj/Ice       28%        3d8       11%         4
 Call Imp                 Summ           7%         N/A       13%         2
 Call Canine Familiar     Summ           7%         N/A       26%         3
 Conjure Flame            Conj/Fire      7%         6-21      26%         3
 Gell's Gravitas          Tloc           3%         N/A       26%         3
 Mephitic Cloud           Conj/Pois/Air  7%         N/A       26%         3
 Teleport Other           Tloc           7%         N/A       26%         3
 Vampiric Draining        Necr           3%         2d6       26%         3
 Iskenderun's Mystic Bla  Conj/Tloc      7%         2d4       65%         4
 Petrify                  Tmut/Erth      7%         N/A       65%         4
 Lee's Rapid Deconstruct  Erth           3%         3d6*      94%         5
 Summon Forest            Summ/Tloc      3%         N/A       94%         5
 Dispersal                Tloc           3%         N/A       100%        6
 Eringya's Noxious Bog    Tmut/Pois      3%         N/A       100%        6
 Statue Form              Tmut/Erth      4%         N/A       100%        6
 Summon Hydra             Summ           3%         N/A       100%        7


Dungeon Overview and Level Annotations

Branches:
Dungeon (11/15)            Temple (1/1) D:4            Lair (6/6) D:11
  Snake (0/4) Lair:2          Orc (0/2) D:9         Volcano (1/1)
  Swamp: Lair:2-4    Shoals: Lair:2-4     Slime: Lair:5-6

Altars:
Ashenzari
Cheibriados
Dithmenos
Elyvilon
Fedhas
Gozag
Hepliaklqana
Kikubaaqudgha
Makhleb
Nemelex Xobeh
Okawaru
Qazlal
Ru
Sif Muna
Trog
Uskayaw
Vehumet
Wu Jian
Xom
Yredelemnul
Zin
The Shining One

Shops:
D:11 *

Annotations:
D:9 2 transporters
D:11 Erolcha
Lair:6 exclusion: upstairs Volcano exclusion: 2 salamanders


Message History

Rabi resists.
Rabi hits the salamander with a +0 dagger of draining!
Press: ? - help, v - describe, . - travel
Here: a salamander, wielding a +0 trident of protection (asleep)
The floor.
Reduced exclusion size to a single square.
The salamander closely misses something.
A salamander comes into view. It is wielding a +0 spear.
Rabi hits the salamander with a +0 dagger of draining.
The salamander dies!
You block the salamander's attack.
Casting: Frozen Ramparts (safe; 1% risk of failure)
Confirm with . or Enter, or press ? or * to list all spells.
Casting: Frozen Ramparts (safe; 1% risk of failure)
Press: ? - help, Dir - look around, f - activate The walls around you are covered in ice.
The salamander is frozen!
The wall freezes the salamander.
The salamander hits you with a +0 spear.
You are engulfed in flames!
Casting: Frozen Ramparts (safe; 1% risk of failure)
Confirm with . or Enter, or press ? or * to list all spells.
Your hands begin to glow red.
The volcano erupts!
Nearby, a roof collapses.
The salamander is frozen!
The wall freezes the salamander.
The salamander hits you with a +0 spear!
You are engulfed in flames!
* * * LOW HITPOINT WARNING * * *
Rabi points at the salamander and mumbles some strange words.
The salamander easily resists.
You feel better.
The salamander is frozen!
The wall freezes the salamander.
The salamander hits you with a +0 spear.
* * * LOW HITPOINT WARNING * * *
You are engulfed in flames!
* * * LOW HITPOINT WARNING * * *
Rabi gestures at the salamander while chanting.
The salamander easily resists.
Okay, then.
You feel yourself speed up.
The wall freezes the salamander.
The salamander hits you with a +0 spear!
You die...

#..######.#.#######
.###§§§.#.#)##..$!∩p
....§§....###..()N#
.##§§§∩∩....#
##§§.....##
###§.R.###..
#.....######
#...##.#..#
#N![.#.@##.$[
.∩.###..N###N. ###
#∩[[..# ..# ###.###
## ###


You could see the friendly Rabi the hexer and a salamander (ally target).

Vanquished Creatures
  The ghost of bnorton916 the Magician, a novice DjFE (D:6)
  An ugly thing (D:11)
  A black mamba (Lair:6)
  A salamander (Volcano)
  2 centaur zombies (D:10)
  5 elephants (Lair:6)
  An unseen horror (D:11)
  5 cane toads
  A kobold demonologist (D:9)
  7 komodo dragons
  2 rime drakes
  2 trolls (D:10)
  10 blink frogs
  A wraith (D:11)
  9 yaks
  A steam dragon (D:10)
  3 wyverns
  A basilisk (Lair:2)
  Grum (D:11)
  4 nagas (Lair:2)
  8 water moccasins
  7 orc warriors
  3 black bears
  2 sky beasts
  4 wolves
  A centaur (D:11)
  2 phantoms
  A kobold brigand (D:9)
  A gnoll sergeant (D:11)
  A scorpion (D:5)
  A water moccasin skeleton (D:6)
  9 killer bees
  3 wights (D:7)
  3 electric eels
  3 howler monkeys
  A bullfrog skeleton (D:4)
  A bullfrog zombie (D:5)
  3 orc priests
  3 iron imps (D:9)
  An iguana (D:5)
  5 orc wizards
  4 hell rats (Lair:3)
  Robin (D:3)
  4 gnolls
  31 orcs
  A ball python (D:3)
  2 bats (D:2)
  2 endoplasms
  A giant cockroach (D:2)
  9 goblins
  4 hobgoblins
  8 kobolds
  4 quokkas
  A frilled lizard (D:2)
  2 rats (D:3)
196 creatures vanquished.

Vanquished Creatures (collateral kills)
  A salamander (Volcano)
  2 cane toads
  A komodo dragon (Lair:1)
  2 blink frogs (Lair:1)
  A spriggan (Lair:6)
  A wraith (D:11)
  2 yaks (Lair:6)
  A shadow (D:9)
  A naga (Lair:2)
  2 water moccasins
  An ogre (D:5)
  A necrophage (D:5)
  A centaur (D:9)
  4 wolves
  Blork the orc (D:5)
  A kobold brigand (D:9)
  5 bullfrogs
  2 scorpions
  2 killer bees
  2 wights (D:10)
  A howler monkey (D:9)
  A bullfrog skeleton (D:6)
  2 iguanas (D:5)
  3 orc wizards
  4 gnolls
  9 orcs
  A kobold (D:9)
55 creatures vanquished.

Vanquished Creatures (others)
  11 hexers
  9 fungi
  22 plants
42 creatures vanquished.

Grand Total: 293 creatures vanquished

Notes
Turn   | Place    | Note
-------+----------+-------------------------------------------
     0 | D:1      | nxtlvl the Deep Elf Monk began the quest for the Orb.
     0 | D:1      | Reached XP level 1. HP: 13/13 MP: 3/3
    74 | D:2      | Found a faded altar of an unknown god.
    74 | D:2      | Noticed a rust devil
    91 | D:2      | Reached XP level 2. HP: 10/18 MP: 4/4
   188 | D:4      | Found a broken altar of Ashenzari.
   283 | D:3      | Learned a level 1 spell: Freeze
   289 | D:3      | Found a stormy altar of Qazlal.
   400 | D:3      | Noticed Robin
   426 | D:3      | Killed Robin
   427 | D:3      | Reached skill level 1 in Ice Magic
   427 | D:3      | Reached XP level 3. HP: 20/22 MP: 5/5
   724 | D:4      | Noticed a sky beast
   745 | D:4      | Noticed a black bear
   753 | D:5      | Entered Level 5 of the Dungeon
   814 | D:4      | Found a staircase to the Ecumenical Temple.
   879 | D:4      | Killed a sky beast
   880 | D:4      | Reached XP level 4. HP: 27/27 MP: 6/6
   914 | Temple   | Entered the Ecumenical Temple
   949 | Temple   | Became a worshipper of Hepliaklqana the Forgotten
   949 | Temple   | Reached * piety under Hepliaklqana
   949 | Temple   | Reached ** piety under Hepliaklqana
   950 | Temple   | Remembered your ancestor Rabi as a hexer
  1000 | D:4      | Killed a black bear
  1001 | D:4      | Reached XP level 5. HP: 27/27 MP: 7/7
  1025 | D:4      | Noticed a phantom
  1051 | D:4      | Killed a phantom
  1052 | D:4      | Reached skill level 5 in Short Blades
  1052 | D:4      | Reached skill level 1 in Spellcasting
  1052 | D:4      | Reached XP level 6. HP: 20/32 MP: 5/9
  1086 | D:4      | Reached skill level 5 in Ice Magic
  1091 | D:4      | Learned a level 3 spell: Frozen Ramparts
  1185 | D:5      | Noticed Blork the orc
  1198 | D:5      | Killed Blork the orc
  1228 | D:5      | Learned a level 3 spell: Confusing Touch
  1275 | D:5      | Reached XP level 7. HP: 29/36 MP: 9/11
  1300 | D:5      | Reached skill level 1 in Hexes
  1526 | D:7      | Found a bloodstained altar of Trog.
  1534 | D:7      | Noticed a wyvern
  1547 | D:7      | Killed a wyvern
  1548 | D:7      | Reached XP level 8. HP: 34/40 MP: 10/14
  1563 | D:6      | Found a runed translucent door.
  1577 | D:6      | Noticed bnorton916's ghost (novice DjFE)
  1758 | D:5      | Found a radiant altar of Vehumet.
  1894 | D:7      | Reached skill level 5 in Dodging
  1913 | D:7      | Found an ancient bone altar of Kikubaaqudgha.
  2179 | D:7      | Found a glowing golden altar of the Shining One.
  2270 | D:8      | Reached *** piety under Hepliaklqana
  2539 | D:8      | Reached skill level 5 in Hexes
  2657 | D:9      | Reached XP level 9. HP: 44/44 MP: 15/18
  2662 | D:9      | Found a sparkling altar of Nemelex Xobeh.
  2761 | D:9      | Reached skill level 5 in Spellcasting
  2875 | D:9      | Found an iron altar of Okawaru.
  2875 | D:9      | Noticed a yaktaur captain
  2884 | D:9      | Reached skill level 5 in Stealth
  2884 | D:9      | Found a transporter.
  2884 | D:9      | Noticed a tengu conjurer
  2890 | D:9      | Noticed an efreet
  2914 | D:9      | Found a transporter.
  2980 | D:9      | Found a staircase to the Orcish Mines.
  3011 | D:9      | Identified the +0 dagger "Cyuxech" {vorpal, rPois rC+ Will-
                  | Str+2}
  3159 | D:6      | Killed bnorton916's ghost
  3177 | D:6      | Learned a level 5 spell: Metabolic Englaciation
  3180 | D:6      | Learned a level 2 spell: Slow
  3270 | D:10     | Entered Level 10 of the Dungeon
  3274 | D:10     | Noticed a troll
  3356 | D:9      | Noticed a kobold demonologist
  3361 | D:9      | Killed a kobold demonologist
  3462 | D:9      | Found a burning altar of Makhleb.
  3538 | D:10     | Killed a troll
  3539 | D:10     | Reached XP level 10. HP: 43/48 MP: 19/19
  3971 | D:10     | Reached **** piety under Hepliaklqana
  4068 | D:11     | Found Rewupaucu's General Store.
  4071 | D:11     | Bought a scroll of noise for 15 gold pieces
  4137 | D:11     | Noticed Grum
  4147 | D:11     | Killed Grum
  4393 | D:11     | Noticed Erolcha
  4450 | D:11     | Reached skill level 10 in Hexes
  4681 | D:11     | Noticed a red ugly thing
  4682 | D:11     | Killed a red ugly thing
  4684 | D:11     | Found a staircase to the Lair.
  4710 | D:11     | Reached XP level 11. HP: 52/52 MP: 19/22
  4778 | Lair:1   | Entered Level 1 of the Lair of Beasts
  4793 | Lair:1   | Reached skill level 1 in Shields
  4868 | Lair:1   | Reached skill level 1 in Invocations
  5110 | Lair:2   | Noticed an eight-headed hydra
  5265 | Lair:2   | Reached ***** piety under Hepliaklqana
  5373 | Lair:2   | Reached skill level 10 in Dodging
  5373 | Lair:2   | Found a staircase to the Snake Pit.
  5550 | Lair:3   | Reached skill level 10 in Stealth
  5675 | Lair:3   | Noticed a five-headed hydra
  5744 | Lair:4   | Noticed a seven-headed hydra
  5984 | Lair:5   | Reached XP level 12. HP: 44/57 MP: 19/23
  6120 | Lair:6   | Entered Level 6 of the Lair of Beasts
  6131 | Lair:6   | Noticed an eight-headed hydra
  6225 | Lair:6   | Reached skill level 10 in Ice Magic
  6448 | Lair:6   | Noticed an eight-headed hydra
  6627 | Lair:6   | Found a dark tunnel.
  6636 | Volcano  | Entered a volcano
  6677 | Volcano  | Slain by a salamander

Illustrated notes

Levels and vault maps discovered:
D:1:      heliophobic_arrival_enchanted_forest, layout_rooms,
          grunt_decor_arrowhead
D:2:      layout_basic, dreamdust_ecumenical_altar_sealed_demon, basic_altar,
          uniq_natasha
D:3:      layout_loops_ring, grunt_qazlal_sundering, kennysheep_generic_room_10,
          uniq_robin
D:4:      layout_loops_cross, mainiacjoe_overflow_concentric_impassable,
          temple_hall, hangedman_decor_lopped, uniq_grinder
D:5:      layout_basic, fiery_altar_vehumet, uniq_pikel, uniq_eustachio,
          uniq_blork_the_orc
D:6:      layout_basic, ebering_ghost_reflecting_pool
D:7:      layout_gridville, tso_oasis_becter, grunt_temple_overflow_open,
          nicolae_elemental_shop
D:8:      layout_gridville, nicolae_water_bricks
D:9:      layout_basic, demons_altar, nemelex_diamond_rough_becter,
          gammafunk_temple_overflow_arena, hiddenorc1_lemuel,
          minmay_misc_feat_enclosed
D:10:     layout_long_grid
D:11:     layout_loops_ring, david_lair_shrubbed, serial_shops,
          nicolae_shop_crystal, uniq_gastronok, uniq_grum, uniq_erolcha
Temple:   cyrus_circular_temple
Lair:1:   layout_big_grid, grunt_megastairs_5, serial_bayou_shore_b
Lair:2:   layout_regular_city, minmay_snake_entry_guardpost_medium,
          grunt_forest_small_clearings, st_stairs_10
Lair:3:   layout_hall_layers, minmay_lair_oklob_items
Lair:4:   layout_cave_shapes, palyth_hydra_swamp_entry, serial_bayou_pond_c,
          minmay_lair_oklob_chamber
Lair:5:   layout_cellular_growth, serial_bayou_pond_c,
          nicolae_lair_grove_arrangements, grunt_forest_stairs_clearing,
          infiniplex_staircase_pool
Lair:6:   minmay_lair_end_frog_pond, layout_gridlike, slime_altar_1,
          enter_volcano_2, lemuel_fruit_tree
Volcano:  volcano_caves

Skill      XL: |  1  2  3  4  5  6  7  8  9 10 11 12 |
---------------+-------------------------------------+-----
Short Blades   | 4 5 6 8 |  8.0
Ice Magic      | 1 3 4 6 7 9 10 | 10.0
Spellcasting   | 1 3 4 5 6 7 |  7.0
Hexes          | 3 5 7 10 11 | 11.8
Dodging        | 4 5 7 9 10 | 10.8
Stealth        | 4 7 9 10 11 | 11.6
Shields        | 3 |  3.9
Invocations    | 3 4 |  4.0
Fighting       | 3 |  3.4

Action                   |  1- 3 |  4- 6 |  7- 9 | 10-12 || total
-------------------------+-------+-------+-------+-------++-------
Melee: Short sword       |    74 |    34 |    90 |       ||   198
       Dagger            |       |       |    26 |   323 ||   349
Throw: Dart              |    61 |     9 |    14 |     1 ||    85
 Cast: Freeze            |       |       |    21 |    28 ||    49
       Frozen Ramparts   |       |       |    22 |    47 ||    69
       Confusing Touch   |       |       |     6 |    15 ||    21
       Slow              |       |       |       |    16 ||    16
       Metabolic Englaci |       |       |       |    11 ||    11
Invok: Ancestor Life: He |       |     1 |       |       ||     1
       Recall Ancestor   |       |     1 |     2 |     2 ||     5
       Idealise          |       |       |       |     1 ||     1
Evoke: Wand              |       |       |     1 |     4 ||     5
  Use: Scroll            |     4 |     1 |     2 |     5 ||    12
       Potion            |     1 |       |       |     4 ||     5
 Stab: Sleeping          |     1 |     1 |     4 |    15 ||    21
       Confused          |       |     3 |     9 |    22 ||    34
       Distracted        |       |     1 |     4 |     5 ||    10
       Invisible         |       |       |       |     4 ||     4
Armor: Robe              |    16 |     8 |    10 |       ||    34
       Leather armour    |       |       |    18 |     8 ||    26
       Steam dragon scal |       |       |       |    32 ||    32
Dodge: Dodged            |    45 |    13 |    57 |   170 ||   285
Block: Buckler           |       |       |       |    43 ||    43
